 Dungeon Crawl Stone Soup version 0.18.1-50-g88ac8fd (webtiles) character file.

149 theRoog the Skirmisher (level 5, 0/47 HPs)
             Began as a Minotaur Berserker on Oct 14, 2016.
             Was a Believer of Trog.
             Killed from afar by an orc wizard (18 damage)
             ... with a puff of flame
             ... on level 4 of the Dungeon.
             The game lasted 00:04:39 (3270 turns).

theRoog the Skirmisher (Minotaur Berserker)         Turns: 3270, Time: 00:04:40

Health: 0/47       AC:  7    Str: 22    XL:     5   Next: 9%
Magic:  4/4        EV: 11    Int:  4    God:    Trog [**....]
Gold:   136        SH:  0    Dex: 10    Spells: 0 memorised, 4 levels left

rFire  x . .     SeeInvis .     a - +0 spear
rCold  + . .     Gourm    .     i - +0 scale mail
rNeg   . . .     Faith    .     (no shield)
rPois  .         Spirit   .     (helmet restricted)
rElec  .         Dismiss  .     (no cloak)
rCorr  .         Reflect  .     (no gloves)
SustAt .         Harm     .     (no boots)
MR     .....                    (no amulet)
Stlth  ..........               t - ring of ice
                                r - ring of stealth

@: confused, not resistant to hostile enchantments, extremely unstealthy
A: retaliatory headbutt, horns 2
a: Berserk, Trog's Hand, Burn Spellbooks, Renounce Religion


You were on level 4 of the Dungeon.
You worshipped Trog.
Trog was pleased with you.
You were not hungry.

You visited 1 branch of the dungeon, and saw 4 of its levels.

You collected 136 gold pieces.

Inventory:

Hand Weapons
 a - a +0 spear (weapon)
 m - a +0 hunting sling
Missiles
 p - 40 stones (quivered)
Armour
 b - a +0 animal skin
 d - a +0 ring mail
 i - a +0 scale mail (worn)
Jewellery
 n - an uncursed ring of magical power
 r - a ring of stealth (left hand)
 t - a ring of ice (right hand)
Scrolls
 e - a scroll of magic mapping {unknown}
 h - a scroll of immolation
 k - a scroll of random uselessness
 l - a scroll of teleportation
 o - a scroll of enchant armour
 s - a scroll of fog {unknown}
 v - a scroll of identify
Potions
 g - 2 potions of curing
 j - a potion of brilliance
 q - a potion of berserk rage {unknown}
 w - 3 potions of resistance {unknown}
Comestibles
 c - a bread ration
 f - a fruit
 u - a royal jelly


   Skills:
 + Level 4.8 Fighting
 + Level 4.6 Polearms
 + Level 4.1 Armour
 + Level 3.1 Dodging


You had 4 spell levels left.
You didn't know any spells.

Dungeon Overview and Level Annotations

Branches:
Dungeon (4/15)
 Temple: D:4-7

Altars:
Makhleb
Nemelex Xobeh
Xom


Innate Abilities, Weirdness & Mutations

You reflexively headbutt those who attack you in melee.
You have a pair of horns on your head.


Message History

You hear some strange, mumbled words.
You are confused.
Something hits you but does no damage. Something hits you but does no damage.
You're too confused to move!
Something hits you.
You hear some strange, mumbled words.
You are more confused.
You bump into the rock wall.
You bump into the rock wall.
You hear some strange, mumbled words.
Something tries to affect you, but you resist.
You're too confused to move!
Something hits you but does no damage.
You hit something but do no damage. Something hits you but does no damage.
You bump into the rock wall.
Something hits you.
You bump into the rock wall.
Something hits you.
You miss something.
You hear some strange, mumbled words.
A puff of flame appears from out of thin air!
The puff of flame hits you! The fire burns you terribly!
You die...

#..........#.#.####.####.
#..........#.#.# #.# ..
#######....#.#.# #.# ..
###....#.#.# .#
#...####.#.# # #...#
#.#.# ######...####.#.#
#####
..............#.####.....
######...######.@{....# #
##### #.......### #
#....!..... # #........##
# #........# #........#
#........# #.####.#.# #.
.#.#


There were no monsters in sight!

Vanquished Creatures
  A crimson imp (D:3)
  A worker ant (D:4)
  An adder (D:2)
  3 oozes
  A worm (D:2)
  A dart slug (D:2)
  3 giant geckos
  4 orcs (D:3)
  3 bats
  3 giant cockroaches
  7 goblins
  7 hobgoblins
  2 quokkas (D:3)
  A ball python (D:3)
  2 giant gecko skeletons (D:4)
  2 giant newts
  8 kobolds
  7 rats
57 creatures vanquished.

Notes
Turn   | Place    | Note
--------------------------------------------------------------
     0 | D:1      | theRoog the Minotaur Berserker began the quest for the Orb.
     0 | D:1      | Reached XP level 1. HP: 19/19 MP: 0/0
   125 | D:1      | Reached XP level 2. HP: 27/27 MP: 1/1
   491 | D:1      | Reached ** piety under Trog
   608 | D:2      | Reached XP level 3. HP: 28/33 MP: 2/2
  1164 | D:3      | Found a sparkling altar of Nemelex Xobeh.
  1797 | D:3      | Reached XP level 4. HP: 41/41 MP: 3/3
  2133 | D:3      | Found a shimmering altar of Xom.
  2134 | D:3      | Found a burning altar of Makhleb.
  2964 | D:4      | Reached XP level 5. HP: 30/47 MP: 4/4
  3270 | D:4      | Killed from afar by an orc wizard

Skill      XL: |  1  2  3  4 |
---------------+-------------+-----
Fighting       | 4 |  4.8
Polearms       | 4 |  4.6
Armour         | 3 4 |  4.1
Dodging        | 3 |  3.1

Action                   |  1- 3 |  4- 6 || total
-------------------------+-------+-------++-------
Melee: Spear             |   111 |    65 ||   176
       Headbutt          |     9 |    11 ||    20
  Use: Scroll            |     7 |     3 ||    10
       Potion            |     2 |       ||     2
  Eat: Beef jerky        |     2 |       ||     2
       Fruit             |       |     5 ||     5
Armor: Animal skin       |     1 |       ||     1
       Ring mail         |    23 |     5 ||    28
       Scale mail        |       |    11 ||    11
Dodge: Dodged            |    43 |    21 ||    64
